 Dungeon Crawl Stone Soup version 0.30.1-11-g7821555f0a (webtiles) character file.

Game seed: 17322370292649150372

909 booth the Chopper (level 7, 0/57 HPs)
             Began as a Demonspawn Monk on Dec 22, 2023.
             Slain by an ogre
             ... wielding a +0 giant club
              (11 damage)
             ... on level 5 of the Dungeon on Dec 23, 2023.
             The game lasted 00:26:57 (4710 turns).

booth the Chopper (Demonspawn Monk)                 Turns: 4710, Time: 00:26:58

Health: 0/57       AC: 16    Str: 14    XL:     7   Next: 81%
Magic:  7/7        EV: 11    Int: 11    God:
Gold:   222        SH:  4    Dex: 15    Spells: 6/6 levels left

rFire   . . .        a - +0 hand axe
rCold   . . .        (no shield)
rNeg    . . .        o - +0 ring mail
rPois   .            (no helmet)
rElec   .            (no cloak)
rCorr   .            s - +0 pair of gloves
SInv    .            (no boots)
Will    .....        (no amulet)
Stlth   +            p - +4 ring of protection
HPRegen 0.29/turn    (no ring)
MPRegen 0.10/turn

%: no passive effects
@: sanguine armoured
A: sanguine armour 1, condensation shield, demonic magic 2
a: no special abilities


You were on level 5 of the Dungeon.
You visited 1 branch of the dungeon, and saw 5 of its levels.

You collected 222 gold pieces.

Inventory:

Hand Weapons
 a - a +0 hand axe (weapon)
 b - a +0 mace
Missiles
 e - 4 poisoned darts (quivered)
Armour
 d - an orb of light
 f - the +6 scale mail of Taepofu {rPois}
   (You found it on level 2 of the Dungeon)

   rPois:     It protects you from poison.
 m - a +0 leather armour
 o - a +0 ring mail (worn)
 s - a +0 pair of gloves (worn)
Jewellery
 c - a ring of ice
 p - a +4 ring of protection (left hand)
Wands
 q - a wand of flame (5)
Scrolls
 g - a scroll of blinking
 i - a scroll of teleportation
 k - a scroll of fear
Potions
 h - a potion of flight {unknown}
 j - a potion of cancellation
 l - a potion of mutation {unknown}
 r - a potion of haste {unknown}


   Skills:
 + Level 5.9 Fighting
 * Level 7.1 Axes
 - Level 2.9 Dodging


You had 6 spell levels left.
You didn't know any spells.
Your spell library contained the following spells:

 Spells                   Type           Power      Damage    Failure   Level
 Magic Dart               Conj           0%         1d3       58%         1
 Searing Ray              Conj           0%         2d4       73%         2
 Fulminant Prism          Conj/Hex       0%         3d5       100%        4


Dungeon Overview and Level Annotations

Branches:
Dungeon (5/15)
 Temple: D:4-7

Altars:
Cheibriados
Makhleb

Annotations:
D:4 3 runed translucent doors, Hatyri's ghost, amateur MiFi


Innate Abilities, Weirdness & Mutations

When seriously injured, your blood forms armour. (AC +6)
A meltable shield of frost defends you. (SH +4)
Spells you cast may paralyse nearby enemies.


Message History

The ogre is lightly wounded.
You hit the sleepcap. The ogre hits you with a +0 giant club!
The sleepcap releases spores at you but does no damage.
You hit the ogre. You punch the ogre.
The ogre is heavily wounded.
You hit the sleepcap but do no damage. The sleepcap releases spores at you.
You block the ogre's attack.
You slash the ogre!
The ogre is severely wounded.
You hit the sleepcap.
The sleepcap releases spores at you but does no damage.
You hit the ogre.
The ogre is severely wounded.
You hit the sleepcap but do no damage. The ogre barely misses you.
The sleepcap releases spores at you but does no damage.
You hit the ogre but do no damage.
The ogre is severely wounded.
You hit the sleepcap but do no damage. You barely miss the ogre.
The ogre is severely wounded.
You hit the sleepcap. The ogre barely misses you.
The sleepcap closely misses you.
You hit the ogre but do no damage.
The ogre is severely wounded.
You hit the sleepcap.
The sleepcap releases spores at you but does no damage.
The ogre hits you but does no damage.
You hit the ogre.
The ogre is severely wounded.
You hit the sleepcap but do no damage. You block the sleepcap's attack.
You barely miss the ogre.
The ogre is severely wounded.
You hit the sleepcap. You block the sleepcap's attack.
The ogre hits you with a +0 giant club!
* * * LOW HITPOINT WARNING * * *
You hit the ogre.
The ogre is almost dead.
You hit the sleepcap. The sleepcap misses you.
The ogre hits you with a +0 giant club!
You die...

.)....... #........
#........ ###.)......
####.........#
###[.....O....##
######......#........
#...##.....f#........
#..........@O.#.###..
#.........#####... .
##..........## #...
#####......##....#
...
#...#.........#.####.
!..
#....................
..
#..).........#......
. .............#....#
..........#.......##


You could see an ogre and a sleepcap.

Vanquished Creatures
  Sigmund (D:3)
  An ogre (D:4)
  2 scorpions
  A jelly (D:4)
  3 hounds
  An orc priest (D:5)
  Ijyb (D:3)
  4 orc wizards (D:5)
  Natasha (twice) (D:4)
  2 iguanas (D:5)
  5 adders
  3 gnolls (D:2)
  6 dart slugs
  5 orcs
  6 endoplasms
  3 giant cockroaches
  9 goblins
  7 hobgoblins
  2 jackals (D:1)
  6 kobolds
  3 quokkas
  5 ball pythons
  7 bats
  16 frilled lizards
  4 rats
105 creatures vanquished.

Notes
Turn   | Place    | Note
-------+----------+-------------------------------------------
     0 | D:1      | booth the Demonspawn Monk began the quest for the Orb.
     0 | D:1      | Reached XP level 1. HP: 18/18 MP: 1/1
   199 | D:1      | Gained mutation: When seriously injured, your blood forms
                  | armour. (AC +6) [demonic ancestry]
   199 | D:1      | Reached XP level 2. HP: 23/24 MP: 2/2
   202 | D:1      | Reached skill level 3 in Axes
   494 | D:1      | Reached XP level 3. HP: 29/29 MP: 3/3
  1144 | D:2      | Gained mutation: Spells you cast may paralyse adjacent
                  | enemies. [demonic ancestry]
  1144 | D:2      | Reached XP level 4. HP: 19/37 MP: 4/4
  1280 | D:2      | Identified the +6 scale mail of Taepofu {rPois}
  1386 | D:2      | Reached skill level 4 in Axes
  2117 | D:3      | Noticed Ijyb
  2143 | D:3      | Killed Ijyb
  2144 | D:3      | Gained mutation: Spells you cast may paralyse nearby
                  | enemies. [demonic ancestry]
  2144 | D:3      | Reached XP level 5. HP: 20/42 MP: 5/5
  2602 | D:3      | Noticed Sigmund
  2615 | D:3      | Killed Sigmund
  2616 | D:3      | Reached skill level 5 in Axes
  2616 | D:3      | Gained mutation: A meltable shield of frost defends you.
                  | (SH +4) [demonic ancestry]
  2616 | D:3      | Reached XP level 6. HP: 32/49 MP: 6/6
  2879 | D:4      | Noticed Natasha
  2892 | D:4      | Killed Natasha
  3201 | D:4      | Reached skill level 5 in Fighting
  3432 | D:4      | Reached skill level 6 in Axes
  3432 | D:4      | Reached XP level 7. HP: 46/56 MP: 7/7
  3488 | D:4      | Found a runed translucent gate.
  3488 | D:4      | Found a runed translucent gate.
  3488 | D:4      | Found a snail-covered altar of Cheibriados.
  3490 | D:4      | Found a runed translucent gate.
  3500 | D:4      | Noticed Hatyri's ghost (amateur MiFi)
  3657 | D:4      | Noticed Natasha
  3668 | D:4      | Killed Natasha
  3752 | D:5      | Entered Level 5 of the Dungeon
  4489 | D:5      | Found a burning altar of Makhleb.
  4549 | D:5      | Reached skill level 7 in Axes
  4710 | D:5      | Slain by an ogre

Illustrated notes

Levels and vault maps discovered:
D:1:      dpeg_arrival_tiny_a, layout_basic
D:2:      layout_loops_ring
D:3:      layout_basic, minmay_lizard_king, uniq_sigmund, uniq_ijyb
D:4:      layout_rooms, mainiacjoe_overflow_boulevard, cheibriados_altar_1,
          gammafunk_ghost_necromancy, uniq_natasha
D:5:      layout_cave_pools, mainiacjoe_overflow_tiny_flanked,
          chequers_serial_rivers_large_b

Skill      XL: |  1  2  3  4  5  6  7 |
---------------+----------------------+-----
Axes           | 3 4 5 6 7 |  7.1
Fighting       | 4 5 |  5.9
Dodging        | |  2.9

Action                     |  1- 3 |  4- 6 |  7- 9 || total
---------------------------+-------+-------+-------++-------
  Melee: Hand axe          |    94 |   232 |   152 ||   478
         Punch             |       |       |     2 ||     2
    Use: Scroll            |     4 |     3 |     3 ||    10
         Potion            |     2 |     3 |       ||     5
 Armour: Robe              |     5 |       |       ||     5
         Leather armour    |     8 |    65 |    57 ||   130
         Ring mail         |       |       |     5 ||     5
  Dodge: Dodged            |    78 |   133 |    94 ||   305
  Block: Orb               |       |     9 |     4 ||    13
         Other             |       |       |    19 ||    19
